Description

The presented build orders assume a 10/20 split in mastery for Power Set 3 (refer to the Masteries section below) and emphasizes the evolution of the first Ultimate Evolution as early in the game as possible. Should you be less conversant in generating the initial 100 Biomass quickly (sometimes even before the first attack wave arrives), the first army unit (Roach or Mutalisk) can be delayed. There are various advantages for evolving either the Brutalisk or Leviathan first, which are elaborated upon in the Units section and the Map-Specific section.

Read the full guide on Team Liquid. All credit goes to them.

Build Order

Get SALT Encoding   

  12  0:05  Action  Send Overlord to expansion and place one Toxic Nest near the main Rock
  14  0:17  Overlord  
  17  0:44  Roach Warren  
  20  1:14  Spine Crawler x2  at expansion, attack main Rock followed by gas Rock once morphed
  18  1:20  Extractor x2  
  20  1:40  Roach  
  22  2:20  Overlord  
  22  2:30  Hatchery  at expansion
  22  3:00  Extractor x2  at expansion when Rocks are down
Spawning Tool Build Advisor. Get it on Overwolf

Analysis

Read the full guide on Team Liquid.

Go to:

Details

  • Created by: StoicLoofah
  • Published on: Dec 23, 2017
  • Patch: 4.0.0
Show
View Real Time Build Order
Export as new Build Order

Comments (0)

There are no comments. Be the first!

Create an account to comment!